 Dungeon Crawl Stone Soup version 0.27-a0-972-gd1521fd518 (webtiles) character file.

Game seed: 9990468652437399689

142 robertstho the Magician (level 5, 0/37 HPs)
             Began as a Djinni Fire Elementalist on Apr 13, 2021.
             Slain by a steam dragon (1 damage)
             ... on level 6 of the Dungeon.
             The game lasted 00:05:14 (3696 turns).

robertstho the Magician (Djinni Fire Elementalist)  Turns: 3696, Time: 00:05:16

Health: 0/37       AC:  2    Str:  7    XL:     5   Next: 24%
Gold:   93         EV: 12    Int: 17    God:
                   SH:  0    Dex: 14

rFire    + + .     SeeInvis .   n - +1 war axe
rCold    x . .     Faith    .   (no shield)
rNeg     . . .     Spirit   .   a - +0 robe
rPois    ∞         Reflect  .   (no helmet)
rElec    .         Harm     .   (no cloak)
rCorr    .         Rampage  .   (no gloves)
Will     .....                  (boots unavailable)
Stlth    ++........             (no amulet)
HPRegen  0.12/turn              (no ring)
MPRegen  0.00/turn              (no ring)

@: flying
A: fire resistance 2, cold vulnerability 1, float, innate caster, hp casting,
extra vitality 1
a: no special abilities


You were on level 6 of the Dungeon.
You visited 1 branch of the dungeon, and saw 4 of its levels.

You collected 93 gold pieces.

Inventory:

Hand Weapons
 n - a +1 war axe (weapon)
Armour
 a - a +0 robe (worn)
Jewellery
 b - a ring of positive energy
Potions
 c - a potion of might
 e - 2 potions of curing
 g - a potion of invisibility {unknown}
 l - 2 potions of lignification {unknown}


   Skills:
 * Level 1.1 Fighting
 + Level 2.6 Dodging
 + Level 2.0 Stealth
 * Level 4.4 Spellcasting


You couldn't memorise any spells.
You knew the following spells:

 Your Spells              Type           Power      Damage    Failure   Level
a - Foxfire               Conj/Fire      72%        2x1d7     2%          1
b - Conjure Flame         Conj/Fire      18%        6-21      8%          3
c - Inner Flame           Hex/Fire       18%        N/A       8%          3
d - Sticky Flame          Conj/Fire      18%        2d4       24%         4
e - Fireball              Conj/Fire      9%         3d6       56%         5
f - Sting                 Tmut/Pois      72%        1d6       2%          1
g - Poisonous Vapours     Pois/Air       36%        N/A       3%          2
Your spell library was empty.

Dungeon Overview and Level Annotations

Branches:
Dungeon (3/15)

Altars:


Innate Abilities, Weirdness & Mutations

You are immune to poison.
Your flesh is very heat resistant. (rF++)
You are vulnerable to cold. (rC-)
You float through the air rather than walking.
You learn spells naturally, not from books.
Your magical power is your life essence.
You have superior vitality. (+4 HP)


Message History

You conjure some foxfire!
The steam dragon breathes steam at you. The ball of steam hits you. You resist.
* * * LOW HITPOINT WARNING * * *
The ball of steam hits your foxfire.
Your foxfire resists.
A hornet zombie comes into view.
The shadow imp sputters.
Your foxfire dissipates!
The foxfire hits the iguana but does no damage.
The iguana is lightly wounded.
Found 15 gold pieces.
The iguana is engulfed in a cloud of scalding steam.
The howler monkey skeleton is engulfed in a cloud of scalding steam.
The iguana is engulfed in a cloud of scalding steam.
Casting: Foxfire (safe; 2% risk of failure)
Press: ? - help, Q - select action, (/) - cycle Dir - look around, f - activate You conjure some foxfire!
* * * LOW HITPOINT WARNING * * *
The foxfire hits the black bear.
The black bear is moderately wounded.
The iguana completely misses you.
The foxfire hits the iguana but does no damage.
The iguana is heavily wounded.
The howler monkey skeleton is engulfed in a cloud of scalding steam.
The shadow imp is engulfed in a cloud of scalding steam.
You aren't carrying any scrolls.
It was a potion of curing.
You feel better.
The shadow imp is engulfed in a cloud of scalding steam.
You aren't carrying any scrolls.
Unknown command.
The black bear barely misses you. The black bear claws you.
The black bear barely misses you.
You reach down and open the door.
The iguana barely misses you. The black bear bites you!
* * * LOW HITPOINT WARNING * * *
The black bear closely misses you. The black bear claws you.
* * * LOW HITPOINT WARNING * * *
The steam dragon bites you.
You die...

...............#
#..............#
#...........#..#
#..............
#...........#.#
#............#
###..........$#.#
#..##'#D..............
#.....@lZZ........#§#.
##.$...h5............
#................#...
#...............Z....
#................#.#.
#.##.....######.....
#. #####.# ..#. . ...
.. ##.#


You could see a steam dragon, a black bear, an iguana, a shadow imp, a hornet
zombie and a howler monkey skeleton.

Vanquished Creatures
  A hound (D:2)
  An orc priest (D:3)
  2 adders
  2 dart slugs
  4 orcs
  8 ball pythons
  5 endoplasms
  4 giant cockroaches
  A goblin (D:3)
  4 hobgoblins (D:1)
  4 jackals (D:1)
  A kobold (D:3)
  2 quokkas
  4 bats
  7 frilled lizards
  5 rats
55 creatures vanquished.

Vanquished Creatures (others)
  205 foxfires
205 creatures vanquished.

Grand Total: 260 creatures vanquished

Notes
Turn   | Place    | Note
-------+----------+-------------------------------------------
     0 | D:1      | robertstho the Djinni Fire Elementalist began the quest for
                  | the Orb.
     0 | D:1      | Reached XP level 1. HP: 15/15 MP: 0/0
    72 | D:1      | Reached skill level 3 in Spellcasting
   182 | D:1      | Reached XP level 2. HP: 18/21 MP: 0/0
   950 | D:1      | Reached XP level 3. HP: 23/26 MP: 0/0
   950 | D:1      | Learned a level 1 spell: Sting
  1969 | D:2      | Reached XP level 4. HP: 28/31 MP: 0/0
  2547 | D:2      | Reached skill level 1 in Fighting
  2692 | D:2      | Reached skill level 4 in Spellcasting
  3150 | D:3      | Reached XP level 5. HP: 7/37 MP: 0/0
  3150 | D:3      | Learned a level 2 spell: Poisonous Vapours
  3669 | D:3      | You are sucked into a shaft and drop 3 floors!
  3678 | D:6      | Noticed a steam dragon
  3686 | D:6      | Noticed a black bear
  3696 | D:6      | HP: 1/37 [black bear (3)]
  3696 | D:6      | Slain by a steam dragon

Illustrated notes

Levels and vault maps discovered:
D:1:      minmay_arrival_five_plusses, layout_basic
D:2:      layout_loops_corners
D:3:      layout_loops_ring, old_standard_altar, kennysheep_generic_room_4
D:6:      layout_basic, nicolae_overflow_hidden_temple, serial_undead,
          serial_undead_a, serial_undead_d, serial_undead_d, serial_undead_e,
          hangedman_decor_riveting, kennysheep_big_empty_room, uniq_grinder

Skill      XL: |  1  2  3  4 |
---------------+-------------+-----
Spellcasting   | 3 4 |  4.4
Fighting       | 1 |  1.1
Stealth        | 2 |  2.0
Dodging        | |  2.6

Action                   |  1- 3 |  4- 6 || total
-------------------------+-------+-------++-------
 Cast: Foxfire           |    71 |    58 ||   129
  Use: Scroll            |       |     7 ||     7
       Potion            |       |     1 ||     1
Armor: Robe              |     3 |     2 ||     5
Dodge: Dodged            |    10 |    11 ||    21

Table legend: (Time is in decaauts)
 A = Elapsed time spent in this place.
 B = Non-inter-level travel time spent in this place.
 C = Inter-level travel time spent in this place.
 D = Time resting spent in this place.
 E = Time spent auto-exploring this place.
 F = Levels seen in this place.
 G = Mean time per level.
                   A        B        C        D        E       F      G
               +--------+--------+--------+--------+--------+-----+--------+
         Total |   3696 |   3645 |     51 |    397 |   2872 |   4 |  924.0 |
       Dungeon |   3696 |   3645 |     51 |    397 |   2872 |   4 |  924.0 |
               +--------+--------+--------+--------+--------+-----+--------+

Top non-repeatable levels by time:
     D:2: 1752 daAuts
     D:1: 1497 daAuts
     D:3: 420 daAuts
     D:6: 26 daAuts
